TOP OF THE 1ST |
Spokane Indians batting - Pitching for Idaho Falls Chukars : RHP Justin Potts
|
Pitching: RHP Justin Potts
|
|
Batting: RHB Luke Stark
|
0-0: Ball 1-0: Foul Ball, location: 2F 1-1: Foul Ball, location: 2F 1-2: SINGLE (Groundball, 6D, EV 97.5 MPH)
|
Batting: RHB Casey Nelligan
|
0-0: Called Strike Luke Stark steals 2nd base 0-1: Ball 1-1: Foul Ball, location: 2F 1-2: Hit by Pitch
|
Batting: LHB Gabriel Graves
|
0-0: Called Strike 0-1: Ball Wild Pitch! Luke Stark to third Casey Nelligan to second 1-1: Ball 2-1: Ball 3-1: Base on Balls
|
Batting: RHB Lupe Covarrubias
|
0-0: Ball 1-0: Foul Ball, location: 2F 1-1: Foul Ball, location: 2F 1-2: Hit by Pitch Luke Stark scores Casey Nelligan to third Gabriel Graves to second
|
Batting: SHB Kaname Fujimoto
|
0-0: Ball 1-0: Ball 2-0: Ball 3-0: Called Strike 3-1: Base on Balls Casey Nelligan scores Gabriel Graves to third Lupe Covarrubias to second
|
Batting: LHB Dave Doughty
|
0-0: Ball Passed Ball! Gabriel Graves scores Lupe Covarrubias to third Kaname Fujimoto to second 1-0: Ball 2-0: Ground out 4-3 (Groundball, 34D, EV 82.5 MPH) Lupe Covarrubias scores Kaname Fujimoto to third
|
Batting: RHB Darnell Jones
|
0-0: Foul Ball, location: 2F 0-1: DOUBLE (Flyball, 89D, EV 110.6 MPH) Kaname Fujimoto scores
|
Batting: RHB Luis Reyna
|
0-0: Ball 1-0: Ground out 6-3 (Groundball, 6, EV 89.4 MPH) Darnell Jones to third
|
Batting: RHB Herb Craig
|
0-0: Ball 1-0: Ball 2-0: Ball 3-0: Called Strike 3-1: Swinging Strike 3-2: Foul Ball, location: 2F 3-2: Ground out 4-3 (Groundball, 4, EV 90.6 MPH)
|
Top of the 1st over - 5 runs, 2 hits, 0 errors, 1 left on base; Spokane 5 - Idaho Falls 0 |
BOTTOM OF THE 1ST |
Idaho Falls Chukars batting - Pitching for Spokane Indians : LHP Valery Sahanov
|
Pitching: LHP Valery Sahanov
|
|
Batting: RHB Tim Persson
|
0-0: SINGLE (Groundball, 34D, EV 101.2 MPH)
|
Batting: RHB Kevin Wimberly
|
0-0: Ball Tim Persson is caught stealing 2nd base 2-4 1-0: Called Strike 1-1: Ball 2-1: Swinging Strike 2-2: Strikes out swinging
|
Batting: RHB Edwin Ramos
|
0-0: Ball 1-0: Foul Ball, location: 2F 1-1: Ground out 6-3 (Groundball, 6MS, EV 87.5 MPH)
|
Bottom of the 1st over - 0 runs, 1 hit, 0 errors, 0 left on base; Spokane 5 - Idaho Falls 0 |
TOP OF THE 2ND |
Spokane Indians batting - Pitching for Idaho Falls Chukars : RHP Justin Potts
|
Pitching: RHP Josh Rutledge
|
|
Batting: RHB Luke Stark
|
0-0: Ball 1-0: Foul Ball, location: 2F 1-1: Foul Ball, location: 2F 1-2: Ball 2-2: Foul Ball, location: 2F 2-2: Ground out 4-3 (Groundball, 4, EV 105.6 MPH)
|
Batting: RHB Casey Nelligan
|
0-0: Ball 1-0: Ball 2-0: Foul Ball, location: 2F 2-1: Called Strike 2-2: Ball 3-2: Foul Ball, location: 2F 3-2: Foul Ball, location: 2F 3-2: Foul Ball, location: 2F 3-2: Foul Ball, location: 2F 3-2: DOUBLE (Line Drive, 8LXD, EV 102.5 MPH)
|
Batting: LHB Gabriel Graves
|
0-0: Called Strike 0-1: Fly out, F8 (Flyball, 8RD, EV 105.6 MPH)
|
Batting: RHB Lupe Covarrubias
|
0-0: Foul Ball, location: 2F 0-1: Foul Ball, location: 2F 0-2: Fly out, F3 (Popup, 3SF, EV 80.0 MPH)
|
Top of the 2nd over - 0 runs, 1 hit, 0 errors, 1 left on base; Spokane 5 - Idaho Falls 0 |
BOTTOM OF THE 2ND |
Idaho Falls Chukars batting - Pitching for Spokane Indians : LHP Valery Sahanov
|
Batting: LHB Joe Cozart
|
0-0: Ball 1-0: Swinging Strike 1-1: Ball 2-1: Fly out, F4 (Popup, 4S, EV 85.6 MPH)
|
Batting: RHB Chad Sullivan
|
0-0: Ball 1-0: Swinging Strike 1-1: Ball 2-1: Foul Ball, location: 2F 2-2: Strikes out swinging
|
Batting: RHB Chance Argy
|
0-0: Ball 1-0: Foul Ball, location: 2F 1-1: Called Strike 1-2: Strikes out swinging
|
Bottom of the 2nd over - 0 runs, 0 hits, 0 errors, 0 left on base; Spokane 5 - Idaho Falls 0 |
TOP OF THE 3RD |
Spokane Indians batting - Pitching for Idaho Falls Chukars : RHP Josh Rutledge
|
Batting: SHB Kaname Fujimoto
|
0-0: Ball 1-0: Ball 2-0: Ball 3-0: Base on Balls
|
Batting: LHB Dave Doughty
|
0-0: Ball 1-0: Ball Balk! Kaname Fujimoto to second 2-0: Called Strike 2-1: Called Strike 2-2: Ball 3-2: Strikes out looking
|
Batting: RHB Darnell Jones
|
0-0: Called Strike 0-1: Ball 1-1: Foul Ball, location: 2F 1-2: Fly out, F9 (Line Drive, 9, EV 94.4 MPH)
|
Batting: RHB Luis Reyna
|
0-0: Ground out 3-1 (Groundball, 34, EV 83.1 MPH)
|
Top of the 3rd over - 0 runs, 0 hits, 0 errors, 1 left on base; Spokane 5 - Idaho Falls 0 |
BOTTOM OF THE 3RD |
Idaho Falls Chukars batting - Pitching for Spokane Indians : LHP Valery Sahanov
|
Batting: LHB Randy Stapleton
|
0-0: Foul Ball, location: 2F 0-1: Swinging Strike 0-2: Ball 1-2: Strikes out looking
|
Batting: RHB Justin Goff
|
0-0: Swinging Strike 0-1: Ball 1-1: Ball 2-1: Foul Ball, location: 2F 2-2: Foul Ball, location: 2F 2-2: Ball 3-2: SINGLE (Line Drive, 78S, EV 91.2 MPH)
|
Batting: LHB Danny Pacheco
|
0-0: Swinging Strike 0-1: Ball Wild Pitch! Justin Goff to second 1-1: Ball 2-1: DOUBLE (Line Drive, 9LS, EV 92.5 MPH) Justin Goff scores
|
Batting: RHB Tim Persson
|
0-0: Ball Wild Pitch! Danny Pacheco to third 1-0: Ball 2-0: Swinging Strike 2-1: Called Strike 2-2: Strikes out swinging
|
Batting: RHB Kevin Wimberly
|
0-0: Called Strike 0-1: Fly out, F9 (Flyball, 89M, EV 89.4 MPH)
|
Bottom of the 3rd over - 1 run, 2 hits, 0 errors, 1 left on base; Spokane 5 - Idaho Falls 1 |
TOP OF THE 4TH |
Spokane Indians batting - Pitching for Idaho Falls Chukars : RHP Josh Rutledge
|
Batting: RHB Herb Craig
|
0-0: SINGLE (Line Drive, 34D, EV 98.8 MPH)
|
Batting: RHB Luke Stark
|
0-0: Ball 1-0: Ball 2-0: Ball 3-0: Base on Balls Herb Craig to second
|
Pitching: RHP John Barnett
|
|
Batting: RHB Casey Nelligan
|
0-0: Ball 1-0: Ball 2-0: Ball 3-0: Base on Balls Herb Craig to third Luke Stark to second
|
Batting: LHB Gabriel Graves
|
0-0: Ball 1-0: Called Strike 1-1: Ball 2-1: Foul Ball, location: 2F 2-2: Foul Ball, location: 2F 2-2: Ball 3-2: Fly out, F8 (Flyball, 89XD, EV 91.9 MPH) Runner from 3rd tags up, SCORES, no throw by CF Luke Stark to third
|
Batting: RHB Lupe Covarrubias
|
0-0: Foul Ball, location: 2F 0-1: Hit by Pitch Casey Nelligan to second
|
Batting: SHB Kaname Fujimoto
|
0-0: Ball 1-0: Ball 2-0: Called Strike 2-1: Called Strike 2-2: Fly out, F8 (Flyball, 78M, EV 90.0 MPH) Runner from 3rd tags up, OUT at HOME! 8-2
|
Top of the 4th over - 1 run, 1 hit, 0 errors, 2 left on base; Spokane 6 - Idaho Falls 1 |
BOTTOM OF THE 4TH |
Idaho Falls Chukars batting - Pitching for Spokane Indians : LHP Valery Sahanov
|
Batting: RHB Edwin Ramos
|
0-0: Ball 1-0: Foul Ball, location: 2F 1-1: Foul Ball, location: 2F 1-2: DOUBLE (Line Drive, 8RD, EV 100.0 MPH)
|
Batting: LHB Joe Cozart
|
0-0: Ball 1-0: Fly out, F8 (Line Drive, 8RD, EV 97.5 MPH)
|
Batting: RHB Chad Sullivan
|
0-0: Ball 1-0: Called Strike 1-1: Ball 2-1: Swinging Strike 2-2: Ball 3-2: Fly out, F8 (Flyball, 78D, EV 86.9 MPH)
|
Batting: RHB Chance Argy
|
0-0: Called Strike 0-1: Ball 1-1: Foul Ball, location: 2F 1-2: Ball 2-2: Foul Ball, location: 2F 2-2: Foul Ball, location: 2F 2-2: Strikes out swinging
|
Bottom of the 4th over - 0 runs, 1 hit, 0 errors, 1 left on base; Spokane 6 - Idaho Falls 1 |
TOP OF THE 5TH |
Spokane Indians batting - Pitching for Idaho Falls Chukars : RHP John Barnett
|
Batting: LHB Dave Doughty
|
0-0: Swinging Strike 0-1: Foul Ball, location: 2F 0-2: Strikes out looking
|
Batting: RHB Darnell Jones
|
0-0: Fly out, F9 (Flyball, 9LSF, EV 86.9 MPH)
|
Batting: RHB Luis Reyna
|
0-0: Ball 1-0: Fly out, F9 (Flyball, 9, EV 93.8 MPH)
|
Top of the 5th over - 0 runs, 0 hits, 0 errors, 0 left on base; Spokane 6 - Idaho Falls 1 |
BOTTOM OF THE 5TH |
Idaho Falls Chukars batting - Pitching for Spokane Indians : LHP Valery Sahanov
|
Batting: LHB Randy Stapleton
|
0-0: Ball 1-0: Ball 2-0: SINGLE (Line Drive, 3D, EV 96.9 MPH)
|
Batting: RHB Justin Goff
|
0-0: Called Strike 0-1: Ball 1-1: Foul Ball, location: 2F 1-2: Ball 2-2: Strikes out swinging
|
Batting: LHB Danny Pacheco
|
0-0: Foul Ball, location: 2F 0-1: Foul Ball, location: 2F 0-2: Strikes out looking
|
Batting: RHB Tim Persson
|
0-0: Ball 1-0: Ground out 4-3 (Groundball, 13, EV 80.6 MPH)
|
Bottom of the 5th over - 0 runs, 1 hit, 0 errors, 1 left on base; Spokane 6 - Idaho Falls 1 |
TOP OF THE 6TH |
Spokane Indians batting - Pitching for Idaho Falls Chukars : RHP John Barnett
|
Pitching: RHP Ian Current
|
|
Batting: RHB Herb Craig
|
0-0: Called Strike 0-1: SINGLE (Groundball, 6S, EV 68.1 MPH) (infield hit)
|
Batting: RHB Luke Stark
|
0-0: Ball Herb Craig steals 2nd, throwing error, E2 Herb Craig to third 1-0: Ball 2-0: Foul Ball, location: 2F 2-1: Ground out 6-3 (Groundball, 6S, EV 87.5 MPH) Herb Craig scores
|
Batting: RHB Casey Nelligan
|
0-0: Called Strike 0-1: Called Strike 0-2: Ball 1-2: Ball 2-2: Ground out 6-3 (Groundball, 6, EV 81.2 MPH)
|
Batting: LHB Gabriel Graves
|
0-0: Swinging Strike 0-1: Called Strike 0-2: Strikes out swinging
|
Top of the 6th over - 1 run, 1 hit, 1 error, 0 left on base; Spokane 7 - Idaho Falls 1 |
BOTTOM OF THE 6TH |
Idaho Falls Chukars batting - Pitching for Spokane Indians : LHP Valery Sahanov
|
Batting: RHB Kevin Wimberly
|
0-0: Ball 1-0: Foul Ball, location: 2F 1-1: Foul Ball, location: 2F 1-2: Ground out 6-3 (Groundball, 6D, EV 105.6 MPH)
|
Batting: RHB Edwin Ramos
|
0-0: Ball 1-0: Swinging Strike 1-1: Foul Ball, location: 2F 1-2: Strikes out swinging
|
Batting: LHB Joe Cozart
|
0-0: Foul Ball, location: 2F 0-1: Ball 1-1: Foul Ball, location: 2F 1-2: Ground out 4-3 (Groundball, 34D, EV 99.4 MPH)
|
Bottom of the 6th over - 0 runs, 0 hits, 0 errors, 0 left on base; Spokane 7 - Idaho Falls 1 |
TOP OF THE 7TH |
Spokane Indians batting - Pitching for Idaho Falls Chukars : RHP Ian Current
|
Batting: RHB Lupe Covarrubias
|
0-0: Ball 1-0: Foul Ball, location: 2F 1-1: Foul Ball, location: 2F 1-2: Strikes out swinging
|
Batting: SHB Kaname Fujimoto
|
0-0: Foul Ball, location: 2F 0-1: Ball 1-1: Ball 2-1: Ball 3-1: Foul Ball, location: 2F 3-2: Foul Ball, location: 2F 3-2: Foul Ball, location: 2F 3-2: Foul Ball, location: 2F 3-2: Strikes out swinging
|
Pitching: RHP Mike Galvin
|
|
Batting: LHB Dave Doughty
|
0-0: Ball 1-0: Foul Ball, location: 2F 1-1: Ball 2-1: Swinging Strike 2-2: Fly out, F8 (Flyball, 78M, EV 90.0 MPH)
|
Top of the 7th over - 0 runs, 0 hits, 0 errors, 0 left on base; Spokane 7 - Idaho Falls 1 |
BOTTOM OF THE 7TH |
Idaho Falls Chukars batting - Pitching for Spokane Indians : LHP Valery Sahanov
|
Pitching: RHP Cássio Blemarcick
|
|
Batting: RHB Chad Sullivan
|
0-0: Ground out 1-3 (Groundball, 25, EV 73.1 MPH)
|
Batting: RHB Chance Argy
|
0-0: Fly out, F4 (Line Drive, 4, EV 66.2 MPH)
|
Batting: LHB Randy Stapleton
|
0-0: Foul Ball, location: 2F 0-1: Called Strike 0-2: Ball 1-2: Strikes out looking
|
Bottom of the 7th over - 0 runs, 0 hits, 0 errors, 0 left on base; Spokane 7 - Idaho Falls 1 |
TOP OF THE 8TH |
Spokane Indians batting - Pitching for Idaho Falls Chukars : RHP Mike Galvin
|
Batting: RHB Darnell Jones
|
0-0: Called Strike 0-1: Ground out 5-3 (Groundball, 56S, EV 75.6 MPH)
|
Batting: RHB Luis Reyna
|
0-0: Foul Ball, location: 2F 0-1: SINGLE (Groundball, 6D, EV 100.6 MPH)
|
Batting: RHB Herb Craig
|
0-0: Ball Luis Reyna steals 2nd base 1-0: Ball 2-0: Ball 3-0: Base on Balls
|
Batting: RHB Luke Stark
|
0-0: Called Strike 0-1: Ball Wild Pitch! Luis Reyna to third Herb Craig to second 1-1: Ball 2-1: Swinging Strike 2-2: Ball 3-2: Base on Balls
|
Pitching: RHP Kevin Tumbleson
|
|
Batting: RHB Casey Nelligan
|
0-0: Ball 1-0: Ball 2-0: Foul Ball, location: 2F 2-1: GRAND SLAM HOME RUN (Flyball, 89XD, EV 99.4 MPH), Distance : 398 ft
|
Batting: LHB Gabriel Graves
|
0-0: Ball 1-0: Foul Ball, location: 2F 1-1: Ball 2-1: Swinging Strike 2-2: Ball 3-2: Foul Ball, location: 2F 3-2: Base on Balls
|
Batting: RHB Lupe Covarrubias
|
0-0: Called Strike 0-1: Foul Ball, location: 2F 0-2: SINGLE (Groundball, 56D, EV 101.2 MPH) Gabriel Graves to second
|
Batting: SHB Kaname Fujimoto
|
0-0: Reached on error, E4 (Groundball, 4S, EV 90.0 MPH) Gabriel Graves to third Lupe Covarrubias to second
|
Batting: LHB Dave Doughty
|
0-0: Ball Passed Ball! Gabriel Graves scores Lupe Covarrubias to third Kaname Fujimoto to second 1-0: Swinging Strike 1-1: Called Strike 1-2: Ball 2-2: Foul Ball, location: 2F 2-2: Strikes out looking
|
Pitching: RHP Shane Bruce
|
|
Batting: RHB Darnell Jones
|
0-0: Called Strike 0-1: Called Strike 0-2: SINGLE (Line Drive, 7S, EV 95.0 MPH) Lupe Covarrubias scores Kaname Fujimoto to third
|
Batting: RHB Luis Reyna
|
0-0: Ball 1-0: Ground out 4-3 (Groundball, 4, EV 77.5 MPH)
|
Top of the 8th over - 6 runs, 4 hits, 1 error, 2 left on base; Spokane 13 - Idaho Falls 1 |
BOTTOM OF THE 8TH |
Idaho Falls Chukars batting - Pitching for Spokane Indians : RHP Cássio Blemarcick
|
Batting: RHB Justin Goff
|
0-0: Swinging Strike 0-1: Ball 1-1: SINGLE (Groundball, 56D, EV 100.6 MPH)
|
Pinch Hitting: LHB Ernesto Abreu
|
0-0: Ball 1-0: Ball 2-0: Called Strike 2-1: Fielders Choice at 2nd, 3-6 (Groundball, 3, EV 86.9 MPH)
|
Batting: RHB Tim Persson
|
0-0: Ball 1-0: Foul Ball, location: 2F 1-1: Foul Ball, location: 2F 1-2: Strikes out looking
|
Batting: RHB Kevin Wimberly
|
0-0: Ball 1-0: Ball 2-0: Foul Ball, location: 2F 2-1: Ball 3-1: Fly out, F8 (Flyball, 89M, EV 98.1 MPH)
|
Bottom of the 8th over - 0 runs, 1 hit, 0 errors, 1 left on base; Spokane 13 - Idaho Falls 1 |
TOP OF THE 9TH |
Spokane Indians batting - Pitching for Idaho Falls Chukars : RHP Shane Bruce
|
Now in LF: Ernesto Abreu
|
|
Pinch Hitting: RHB Daniel Barger
|
0-0: Ball 1-0: Ground out 6-3 (Groundball, 6, EV 107.5 MPH)
|
Batting: RHB Luke Stark
|
0-0: Called Strike 0-1: Ball 1-1: Ball 2-1: Foul Ball, location: 2F 2-2: Ground out 3-1 (Groundball, 34, EV 101.2 MPH)
|
Pinch Hitting: RHB Orlando Melchor
|
0-0: Ball 1-0: Foul Ball, location: 2F 1-1: Foul Ball, location: 2F 1-2: Foul Ball, location: 2F 1-2: Ball 2-2: Foul Ball, location: 2F 2-2: SINGLE (Groundball, 25, EV 67.5 MPH) (infield hit)
|
Batting: LHB Gabriel Graves
|
0-0: Swinging Strike 0-1: Foul Ball, location: 2F 0-2: Foul Ball, location: 2F Balk! Orlando Melchor to second 0-2: Ball 1-2: Ground out 1-3 (Groundball, 13S, EV 70.6 MPH)
|
Top of the 9th over - 0 runs, 1 hit, 0 errors, 1 left on base; Spokane 13 - Idaho Falls 1 |
BOTTOM OF THE 9TH |
Idaho Falls Chukars batting - Pitching for Spokane Indians : RHP Cássio Blemarcick
|
Now at 3B: Daniel Barger
|
|
Now in CF: Orlando Melchor
|
|
Now in RF: Dave Doughty
|
|
Batting: RHB Edwin Ramos
|
0-0: Fly out, F7 (Flyball, 7, EV 91.9 MPH)
|
Batting: LHB Joe Cozart
|
0-0: Ball 1-0: Ball 2-0: Ball 3-0: Base on Balls
|
Batting: RHB Chad Sullivan
|
0-0: Fielders Choice at 2nd, 5-4 (Groundball, 5, EV 86.2 MPH)
|
Pinch Hitting: RHB Timotheus Cooper
|
0-0: Foul Ball, location: 2F 0-1: Called Strike 0-2: Ball 1-2: Strikes out looking
|
Bottom of the 9th over - 0 runs, 0 hits, 0 errors, 1 left on base; Spokane 13 - Idaho Falls 1 |
|